 Dungeon Crawl Stone Soup version 0.31-a0-232-gb1c03b2570 (webtiles) character file.

Game seed: 10467996339643275902

18 qw the Shooter (level 2, -1/24 HPs)
             Began as a Minotaur Hexslinger on July 6, 2023.
             Slain by a gnoll
             ... wielding a +0 spear
              (6 damage)
             ... on level 2 of the Dungeon.
             The game lasted 00:00:13 (754 turns).

qw the Shooter (Minotaur Hexslinger)                 Turns: 754, Time: 00:00:13

Health: -1/24      AC:  3    Str: 12    XL:     2   Next: 48%
Magic:  2/2        EV: 11    Int: 10    God:
Gold:   49         SH:  0    Dex: 12    Spells: 2/3 levels left

rFire   . . .        Y - +1 sling
rCold   . . .        (no shield)
rNeg    . . .        g - +0 leather armour
rPois   .            (helmet restricted)
rElec   .            (no cloak)
rCorr   .            (no gloves)
SInv    .            (no boots)
Will    .....        (no amulet)
Stlth   +            (no ring)
HPRegen 0.24/turn    (no ring)
MPRegen 0.08/turn

%: no passive effects
@: no status effects
A: horns 2, retaliatory headbutt
a: no special abilities


You were on level 2 of the Dungeon.
You visited 1 branch of the dungeon, and saw 2 of its levels.

You collected 49 gold pieces.


Innate Abilities, Weirdness & Mutations

You have a pair of horns on your head.
You reflexively headbutt those who attack you in melee.


   Skills:
 - Level 2.0 Fighting
 + Level 3.1 Ranged Weapons
 - Level 2.1 Dodging
 - Level 1.0 Spellcasting
 - Level 2.0 Hexes


You had 2 spell levels left.
You knew the following spells:

 Your Spells              Type           Power      Damage    Failure   Level
a - Slow                  Hex            16%        N/A       19%         1

Your spell library contained the following spells:

 Spells                   Type           Power      Damage    Failure   Level
 Inner Flame              Hex/Fire       2%         N/A       65%         3
 Portal Projectile        Hex/Tloc       4%         N/A       65%         3
 Cause Fear               Hex            2%         N/A       88%         4

Inventory:

Hand Weapons
 Y - a +1 sling (weapon)
Armour
 g - a +0 leather armour (worn)
Scrolls
 a - a scroll of teleportation {unknown}
Potions
 f - a potion of berserk rage {unknown}
 i - a potion of cancellation {unknown}
 j - a potion of experience {unknown}

Dungeon Overview and Level Annotations

Branches:
Dungeon (2/15)

Altars:


Message History

A ball python comes into view.
The ball python hisses angrily.
You see here a scroll labelled YZELOA ZEDARAT.
You shoot a sling bullet.
The sling bullet closely misses the ball python.
You hear a shout!
The ball python closely misses you. You furiously retaliate!
You headbutt the ball python.
You kill the ball python!
You hear a shout! x2
a - a scroll labelled YZELOA ZEDARAT A gnoll comes into view.
It is wielding a +0 spear.
The gnoll shouts!
You hear a shout!
A gnoll comes into view. It is wielding a +0 spear.
747 ||| Stepping ~*~*~tactically~*~*~ (outnumbered). 2 gnolls come into view.
The gnoll shouts!
A kobold comes into view. It is wielding a +0 dagger.
You shoot a sling bullet.
The sling bullet barely misses the gnoll.
The sling bullet closely misses the gnoll.
A gnoll comes into view.
It is wielding a +2 spear of distortion.
The gnoll throws a throwing net.
The throwing net hits you.
You become entangled in the net!
You struggle against the net.
The gnoll shouts!
You struggle against the net.
A goblin comes into view. It is wielding a +0 dagger.
The gnoll hits you from afar with a +0 spear.
The gnoll completely misses you.
You struggle against the net.
The gnoll barely misses you.
The gnoll hits you from afar with a +0 spear!
You rip the net and break free!
The gnoll hits you from afar with a +0 spear.
The gnoll closely misses you.
You shoot a sling bullet.
The sling bullet closely misses the gnoll.
The gnoll hits you from afar with a +0 spear.
You die...

#### ...##
###...#######
...#.Kgg....
#...#g...
#.####.g.g#
#.....@..#
#......#..#
.#####.#..#
#.#..#####.
#.#<.......
#.##.###.##
.. .# ## .#
.#


You could see 4 gnolls, a goblin and a kobold.

Vanquished Creatures
  6 ball pythons
  A bat (D:1)
  2 hobgoblins (D:1)
  A quokka (D:1)
  A frilled lizard (D:1)
  2 kobolds (D:1)
  4 rats (D:1)
17 creatures vanquished.

Notes
Turn   | Place    | Note
-------+----------+-------------------------------------------
     0 | D:1      | qw the Minotaur Hexslinger began the quest for the Orb.
     0 | D:1      | Reached XP level 1. HP: 16/16 MP: 1/1
     0 | D:1      | 0 ||| qw: Version: 0.3-a-46-gb1f654a
     0 | D:1      | 0 ||| qw: Game counter: 1977
     0 | D:1      | 0 ||| qw: Melee chars always use a shield: true
     0 | D:1      | 0 ||| qw: God list: Okawaru
     0 | D:1      | 0 ||| qw: Allow faded altars: false
     0 | D:1      | 0 ||| qw: Do Orc after clearing Dungeon:15 true
     0 | D:1      | 0 ||| qw: Do second Lair branch before Depths: true
     0 | D:1      | 0 ||| qw: Lair rune preference: random
     0 | D:1      | 0 ||| qw: Goals: Normal
     0 | D:1      | 0 ||| PLANNING D:1-11
   127 | D:1      | Reached skill level 3 in Ranged Weapons
   191 | D:1      | Reached XP level 2. HP: 23/23 MP: 2/2
   702 | D:1      | 702 ||| UPGRADING to +0 leather armour.
   712 | D:1      | 712 ||| DROPPING +0 robe.
   713 | D:1      | 713 ||| READING scroll labelled BUXASE RIDWAD.
   714 | D:1      | 714 ||| READING scroll labelled WIT AZOIFI.
   715 | D:1      | 715 ||| READING scroll labelled DIECUEWETO.
   716 | D:1      | 716 ||| DROPPING scroll of poison.
   747 | D:2      | 747 ||| Stepping ~*~*~tactically~*~*~ (outnumbered).
   753 | D:2      | HP: 4/24 [gnoll/+0 spear (5)]
   754 | D:2      | Slain by a gnoll

Levels and vault maps discovered:
D:1:      noname_arrival_rooms_in_the_neighbourhood, layout_loops_ring
D:2:      layout_loops_ring, uniq_robin

Skill      XL: |  1  2 |
---------------+-------+-----
Ranged Weapons | 3 |  3.1
Fighting       | 2 |  2.0
Dodging        | |  2.1
Spellcasting   | |  1.0
Hexes          | |  2.0

Action                     || total
---------------------------++-------
   Fire: Sling             ||    35
    Use: Scroll            ||     3
  Dodge: Dodged            ||     8

Table legend:
 A = Non-vault XP
 B = Vault XP
 C = Vault XP percentage of total XP
 D = Non-vault monster count
 E = Vault monster count
 F = Vault count percentage of total count
                 A         B        C        D         E       F
            +---------+---------+-------+---------+---------+-------
      Total |      26 |       0 |   0.0 |      17 |       0 |   0.0
            +---------+---------+-------+---------+---------+-------
        D:1 |      25 |       0 |   0.0 |      16 |       0 |   0.0
        D:2 |       1 |       0 |   0.0 |       1 |       0 |   0.0
            +---------+---------+-------+---------+---------+-------
